 Dungeon Crawl Stone Soup version 0.22.1-2-g9c5b331 (webtiles) character file.

14657 dvd the Basher (level 12, -1/73 HPs)
             Began as a Gargoyle Monk on Dec 4, 2018.
             Was the Champion of Okawaru.
             Slain by a death yak (16 damage)
             ... led by a torpor snail
             ... on level 2 of the Lair of Beasts.
             The game lasted 00:29:55 (11020 turns).

dvd the Basher (Gargoyle Monk)                     Turns: 11020, Time: 00:29:58

Health: -1/73      AC: 23    Str: 21    XL:     12   Next: 18%
Magic:  13/13      EV: 26    Int: 12    God:    Okawaru [******]
Gold:   639        SH:  0    Dex: 22    Spells: 8/13 levels left

rFire    . . .     SeeInvis .   n - +2 executioner's axe (venom)
rCold    + . .     Gourm    .   (shield currently unavailable)
rNeg     + . .     Faith    .   K - +0 leather armour "Sadole Maont" {Str+4 Dex+3}
rPois    ∞         Spirit   .   d - +2 helmet
rElec    +         Reflect  .   R - +0 cloak {+Inv}
rCorr    .         Harm     .   T - +0 pair of gloves
MR       .....                  L - +2 pair of boots {Stlth+}
Stlth    ++++++....             (no amulet)
HPRegen  0.22/turn              D - ring of Dohoyb {+Blink rC+ Dex+5}
MPRegen  0.13/turn              U - +4 ring of evasion

@: heroism
A: negative energy resistance 1, electricity resistance, unbreathing,
petrification resistance, rot immunity, AC +8
a: Heroism, Finesse, Renounce Religion, Evoke Blink, Evoke Invisibility


You were on level 2 of the Lair of Beasts.
You worshipped Okawaru.
Okawaru was exalted by your worship.
You were not hungry.

You visited 3 branches of the dungeon, and saw 12 of its levels.
You also visited: Sewer.

You collected 639 gold pieces.

Inventory:

Hand Weapons
 a - a +0 hand axe
 b - a +2 mace of venom
 n - a +2 executioner's axe of venom (weapon)
 r - a +1 war axe of chopping
Missiles
 x - 3 tomahawks
 z - 7 silver javelins
 A - 4 poisoned tomahawks (quivered)
Armour
 d - a +2 helmet (worn)
 t - a +0 shield
 u - a +3 chain mail
 K - the +0 leather armour "Sadole Maont" (worn) {Str+4 Dex+3}
   (You found it on level 6 of the Dungeon)

   It affects your strength (+4).
   It affects your dexterity (+3).
 L - a +2 pair of boots of stealth (worn)
 R - a +0 cloak of invisibility (worn)
 T - a +0 pair of gloves (worn)
Jewellery
 l - an uncursed ring of ice {unknown}
 D - the ring of Dohoyb (left hand) {+Blink rC+ Dex+5}
   (You found it on level 5 of the Dungeon)

   [ring of protection from cold]

   It affects your dexterity (+5).
   It protects you from cold.
   It lets you blink.
 Q - an uncursed ring of resist corrosion
 U - a +4 ring of evasion (right hand)
Wands
 f - a wand of disintegration (17)
 w - a wand of random effects (21)
 C - a wand of polymorph (15)
 G - a wand of enslavement (7)
 N - a wand of paralysis (14)
 P - a wand of iceblast (10)
 S - a wand of acid (12)
Scrolls
 e - 8 scrolls of remove curse
 h - a scroll of blinking
 i - 2 scrolls of enchant weapon
 m - 3 scrolls of magic mapping
 o - a scroll of fog
 p - a scroll of fear
 y - 9 scrolls of identify
 B - 9 scrolls of teleportation
 F - a scroll of amnesia
Potions
 g - 4 potions of lignification
 j - a potion of mutation
 k - 8 potions of curing
 q - a potion of agility
 s - 4 potions of heal wounds
 H - 2 potions of flight
 I - 2 potions of brilliance
 J - a potion of might
Comestibles
 c - 16 rations
 v - 21 chunks of flesh


   Skills:
 + Level 7.7(12.7) Fighting
 + Level 7.3(14.5) Axes
 + Level 10.3(16.4) Maces & Flails
 + Level 3.4(8.4) Throwing
 + Level 5.6(10.6) Armour
 + Level 6.1(11.1) Dodging
 + Level 7.7(12.7) Stealth
 + Level 1.5(6.5) Shields
 + Level 1.2 Spellcasting
 * Level 5.4 Charms
 + Level 0.1 Necromancy
 + Level 0.7 Translocations
 + Level 2.0 Invocations
 + Level 0.5 Evocations


You had 8 spell levels left.
You knew the following spells:

 Your Spells              Type           Power        Failure   Level  Hunger
a - Shroud of Golubria    Chrm/Tloc      #.........   14%         2    ###....
b - Regeneration          Chrm/Necr      #.........   30%         3    ####...

Your spell library contained the following spells:

 Spells                   Type           Power        Failure   Level  Hunger
 Infusion                 Chrm           ##..         3%          1    ##.....
 Song of Slaying          Chrm           ##......     5%          2    ###....
 Apportation              Tloc           #.....       24%         1    ##.....
 Animate Skeleton         Necr           N/A          30%         1    ##.....
 Confusing Touch          Hex            #.....       32%         1    ##.....
 Summon Small Mammal      Summ           #...         32%         1    ##.....
 Spectral Weapon          Hex/Chrm       #.......     32%         3    ####...
 Call Imp                 Summ           #.......     45%         2    ###....
 Call Canine Familiar     Summ           #.......     69%         3    ####...
 Summon Guardian Golem    Hex/Summ       #.......     69%         3    ####...
 Cause Fear               Hex            #.........   97%         4    #####..
 Summon Ice Beast         Ice/Summ       #.......     97%         4    #####..
 Summon Lightning Spire   Summ/Air       #.......     97%         4    #####..
 Silence                  Hex/Air        #.........   100%        5    ######.
 Yara's Violent Unravell  Hex/Tmut       #.........   100%        5    ######.
 Deflect Missiles         Chrm/Air       #.........   100%        6    #######
 Discord                  Hex            #.........   100%        8    #######


Dungeon Overview and Level Annotations

Branches:
Dungeon (9/15)             Temple (1/1) D:5            Lair (2/6) D:9
  Swamp: Lair:2-4    Shoals: Lair:2-4     Snake: Lair:2-4    Spider: Lair:2-4
    Orc: D:9-12

Altars:
Ashenzari
Cheibriados
Dithmenos
Elyvilon
Fedhas
Gozag
Hepliaklqana
Kikubaaqudgha
Makhleb
Nemelex Xobeh
Okawaru
Qazlal
Ru
Sif Muna
Trog
Uskayaw
Vehumet
Wu Jian
Xom
Yredelemnul
Zin
The Shining One
Lugonu

Shops:
D:5 [=


Innate Abilities, Weirdness & Mutations

You are resistant to torment.
Your stone body is resilient. (AC +8)
You are immune to poison.
You resist negative energy. (rN+)
You are resistant to electric shocks. (rElec)
You can survive without breathing.
You are immune to petrification.
You are immune to rotting.


Message History

Aim: a torpor snail (almost dead, poisoned, fleeing)
You throw a poisoned tomahawk.
The poisoned tomahawk hits the torpor snail.
The torpor snail looks as sick as possible!
Your attack snaps the torpor snail out of its fear.
The torpor snail is almost dead.
You kill the torpor snail!
Okawaru accepts your kill. Something appears at your feet!
Okawaru grants you ammunition!
The blink frog looks more healthy.
The blink frog blinks!
The death yak barely misses you.
The blink frog blinks!
You hit the death yak.
The death yak looks as sick as possible!
The death yak is moderately wounded.
You feel yourself speed up.
The blink frog blinks!
The death yak gores you.
* * * LOW HITPOINT WARNING * * *
The blink frog blinks!
The death yak gores you!
You die...

##... .. ..#.....#..
#... ..###.#.....P.# ###
#...
P.............###.###...
P...#...................
......P.....§...........
.......##...#...........
.#...(†Y..§.............
F(.((.†@......†.........
#.PPP#††.#.###FP######P#
### ####### #### ###


You could see a death yak, a spiny frog (fleeing) and a blink frog (fleeing).

Vanquished Creatures
  A hydra (Lair:1)
  A two-headed ogre (D:9)
  A death yak (Lair:2)
  An oklob plant (Lair:1)
  2 torpor snails (Lair:2)
  3 spiny frogs (Lair:1)
  A rime drake (Lair:1)
  5 komodo dragons
  A hornet (D:9)
  7 blink frogs
  A hippogriff (Lair:1)
  15 yaks
  4 water moccasins (Lair:1)
  5 porcupines
  2 ice beasts (D:9)
  3 phantoms
  An ogre (D:5)
  An eye of draining (D:8)
  11 wolves
  2 necrophages
  4 centaurs
  9 crocodiles
  A bullfrog (Lair:1)
  3 big kobolds (Sewer)
  A scorpion (D:8)
  3 wights (D:7)
  2 electric eels (Lair:1)
  5 howler monkeys
  2 crimson imps
  3 jellies
  A centaur zombie (D:9)
  3 hounds
  An orc priest (D:7)
  A centaur skeleton (D:4)
  5 orc wizards
  2 iguanas
  8 worker ants
  A hound zombie (D:9)
  3 hound skeletons
  4 gnolls (D:6)
  14 adders
  8 river rats
  2 shadow imps
  A white imp (D:7)
  3 oozes
  5 worms
  2 adder skeletons
  2 dart slugs (D:2)
  5 leopard geckos
  19 orcs
  3 ball pythons
  4 bats
  2 bat skeletons (D:5)
  3 bat zombies (D:5)
  11 giant cockroaches
  5 goblins (D:2)
  4 hobgoblins
  7 jackals (D:8)
  16 kobolds
  5 quokkas
  5 frilled lizards
  A jackal zombie (D:5)
  29 rats
  A butterfly (D:5)
  A fungus (Lair:1)
  A plant (Lair:1)
289 creatures vanquished.

Vanquished Creatures (others)
  2 plants
2 creatures vanquished.

Grand Total: 291 creatures vanquished

Notes
Turn   | Place    | Note
-------+----------+-------------------------------------------
     0 | D:1      | dvd the Gargoyle Monk began the quest for the Orb.
     0 | D:1      | Reached XP level 1. HP: 14/14 MP: 1/1
   534 | D:1      | Reached XP level 2. HP: 14/19 MP: 2/2
  1057 | D:2      | Reached XP level 3. HP: 23/23 MP: 3/3
  1426 | D:3      | Reached XP level 4. HP: 20/29 MP: 4/4
  1543 | D:3      | Found an opulent altar of Gozag.
  1977 | D:3      | Reached XP level 5. HP: 29/33 MP: 5/5
  2856 | D:4      | Noticed a phantom
  2871 | D:4      | Reached skill level 1 in Armour
  2922 | D:4      | Killed a phantom
  2922 | D:4      | Reached skill level 1 in Maces & Flails
  2922 | D:4      | Reached XP level 6. HP: 23/38 MP: 6/6
  3589 | D:5      | Entered Level 5 of the Dungeon
  3640 | D:5      | Found a staircase to the Ecumenical Temple.
  3649 | Temple   | Entered the Ecumenical Temple
  3681 | Temple   | Became a worshipper of Warmaster Okawaru
  3681 | Temple   | Reached * piety under Okawaru
  3681 | Temple   | Reached ** piety under Okawaru
  3712 | D:5      | Reached skill level 2 in Maces & Flails
  3749 | D:5      | Got a vibrating brass ring
  3756 | D:5      | Identified the ring of Dohoyb {+Blink rC+ Dex+5} (You found
                  | it on level 5 of the Dungeon)
  3805 | D:5      | Found Hathrad's Armour Emporium.
  3805 | D:5      | Noticed a phantom
  3817 | D:5      | Reached XP level 7. HP: 35/43 MP: 4/7
  3857 | D:5      | Reached skill level 3 in Maces & Flails
  3895 | D:5      | Found a bloodstained altar of Trog.
  3988 | D:5      | Found a glowing drain.
  4008 | Sewer    | Entered a sewer
  4135 | Sewer    | Reached skill level 4 in Maces & Flails
  4585 | Sewer    | Reached XP level 8. HP: 43/48 MP: 8/8
  4652 | Sewer    | Reached *** piety under Okawaru
  4927 | D:5      | Reached skill level 5 in Fighting
  5018 | D:5      | Found a shadowy altar of Dithmenos.
  5113 | D:5      | Found a shattered altar of Ashenzari.
  5187 | D:5      | Found Zimen's Jewellery Shoppe.
  5425 | D:5      | Found an ancient bone altar of Kikubaaqudgha.
  5482 | D:6      | Reached skill level 5 in Maces & Flails
  5516 | D:6      | Got a dazzling leather armour
  5527 | D:6      | Identified the cursed +0 leather armour "Sadole Maont"
                  | {Str+4 Dex+3} (You found it on level 6 of the Dungeon)
  5585 | D:6      | Reached skill level 1 in Throwing
  5764 | D:6      | Found a snail-covered altar of Cheibriados.
  6216 | D:6      | Found a sparkling altar of Nemelex Xobeh.
  6216 | D:6      | Found a transporter.
  6292 | D:7      | Reached **** piety under Okawaru
  6292 | D:7      | Reached skill level 6 in Maces & Flails
  6292 | D:7      | Reached XP level 9. HP: 54/54 MP: 9/9
  6586 | D:7      | Received a gift from Okawaru
  6679 | D:7      | Found a glowing silver altar of Zin.
  6983 | D:8      | Reached skill level 7 in Maces & Flails
  6983 | D:8      | Reached skill level 5 in Armour
  7293 | D:8      | Learned a level 2 spell: Shroud of Golubria
  7374 | D:8      | Reached skill level 5 in Stealth
  7485 | D:8      | Reached skill level 8 in Maces & Flails
  7874 | D:8      | Reached skill level 5 in Dodging
  7876 | D:8      | Found a hide-covered altar of Uskayaw.
  7878 | D:8      | Found a white marble altar of Elyvilon.
  7878 | D:8      | Found a hazy altar of Hepliaklqana.
  7881 | D:8      | Found a basalt altar of Yredelemnul.
  7883 | D:8      | Found a radiant altar of Vehumet.
  7968 | D:9      | Noticed a two-headed ogre
  7979 | D:9      | Killed a two-headed ogre
  7979 | D:9      | Reached XP level 10. HP: 61/61 MP: 7/10
  8002 | D:9      | Learned a level 3 spell: Regeneration
  8015 | D:9      | Found a sparkling altar of Nemelex Xobeh.
  8039 | D:9      | Found a staircase to the Lair.
  8195 | D:9      | Found a sacrificial altar of Ru.
  8265 | D:9      | Reached skill level 9 in Maces & Flails
  8372 | D:9      | Reached ***** piety under Okawaru
  8388 | D:9      | Reached skill level 1 in Invocations
  8578 | D:9      | Reached skill level 1 in Spellcasting
  8617 | D:9      | Found a deep blue altar of Sif Muna.
  8901 | Lair:1   | Entered Level 1 of the Lair of Beasts
  8905 | Lair:1   | Reached skill level 1 in Charms
  8915 | Lair:1   | Noticed a spiny frog
  8920 | Lair:1   | Noticed a spiny frog
  8923 | Lair:1   | Killed a spiny frog
  8938 | Lair:1   | Killed a spiny frog
  9058 | Lair:1   | Noticed an oklob plant
  9066 | Lair:1   | Noticed a spiny frog
  9088 | Lair:1   | Reached skill level 10 in Maces & Flails
  9091 | Lair:1   | Received a gift from Okawaru
  9096 | Lair:1   | Killed a spiny frog
  9096 | Lair:1   | Reached XP level 11. HP: 53/67 MP: 10/12
  9746 | Lair:1   | Reached skill level 5 in Axes
  9918 | Lair:1   | Received a gift from Okawaru
 10208 | Lair:1   | Received a gift from Okawaru
 10263 | Lair:1   | Noticed a four-headed hydra
 10280 | Lair:1   | Killed a four-headed hydra
 10519 | Lair:1   | Reached skill level 1 in Shields
 10764 | Lair:1   | Killed an oklob plant
 10880 | Lair:2   | Reached skill level 5 in Charms
 10882 | Lair:2   | Received a gift from Okawaru
 10882 | Lair:2   | Reached XP level 12. HP: 66/72 MP: 13/13
 11007 | Lair:2   | Noticed a death yak
 11009 | Lair:2   | Noticed a death yak
 11018 | Lair:2   | Killed a death yak
 11018 | Lair:2   | Reached ****** piety under Okawaru
 11019 | Lair:2   | Received a gift from Okawaru
 11020 | Lair:2   | Slain by a death yak

Skill      XL: |  1  2  3  4  5  6  7  8  9 10 11 12 |
---------------+-------------------------------------+-----
Axes           | 3 4 6 7 |  7.3
Dodging        | 3 4 5 6 |  6.1
Fighting       | 4 5 6 7 |  7.7
Armour         | 1 2 3 4 5 |  5.6
Maces & Flails | 1 2 4 6 8 10 | 10.3
Stealth        | 3 5 6 7 |  7.7
Throwing       | 1 2 3 |  3.4
Invocations    | 1 2 |  2.0
Spellcasting   | 1 |  1.2
Charms         | 2 5 |  5.4
Shields        | 1 |  1.5
Necromancy     | |  0.1
Translocations | |  0.7
Evocations     | |  0.5

Action                   |  1- 3 |  4- 6 |  7- 9 | 10-12 || total
-------------------------+-------+-------+-------+-------++-------
Melee: Hand axe          |   100 |   192 |    22 |       ||   314
       Mace              |       |    86 |   455 |   120 ||   661
       Punch             |       |       |     7 |     1 ||     8
       Executioner's axe |       |       |       |   133 ||   133
       War axe           |       |       |       |    11 ||    11
Throw: Tomahawk          |       |     3 |    13 |     3 ||    19
       Javelin           |       |       |     2 |    22 ||    24
 Cast: Shroud of Golubri |       |       |     2 |     2 ||     4
       Regeneration      |       |       |       |     3 ||     3
Invok: Heroism           |       |     1 |     4 |    17 ||    22
Evoke: Wand              |       |       |       |     2 ||     2
  Use: Scroll            |       |       |     1 |    16 ||    17
       Potion            |       |       |       |    12 ||    12
 Stab: Sleeping          |     2 |     2 |     6 |    15 ||    25
       Invisible         |       |       |       |     6 ||     6
       Paralysed         |       |       |       |     4 ||     4
       Distracted        |       |       |       |     1 ||     1
  Eat: Chunk             |     2 |     7 |    11 |    12 ||    32
       Ration            |       |       |     1 |       ||     1
Armor: Robe              |    30 |    19 |       |       ||    49
       Scale mail        |       |   130 |   200 |       ||   330
       Leather armour    |       |       |    66 |    73 ||   139
Dodge: Dodged            |    62 |   151 |   384 |   341 ||   938
Block: Shield            |       |       |       |    17 ||    17
